 Dungeon Crawl Stone Soup version 0.23.2-30-g0e89c35649 (webtiles) character file.

Game seed: 13848353751436379891

53 Hivemind the Grave Robber (level 3, -1/24 HPs)
             Began as a Demonspawn Necromancer on June 7, 2019.
             Slain by Natasha (7 damage)
             ... on level 2 of the Dungeon.
             The game lasted 00:12:04 (1536 turns).

Hivemind the Grave Robber (Demonspawn Necromancer)  Turns: 1536, Time: 00:12:05

Health: -1/24      AC:  2    Str:  8    XL:     3   Next: 62%
Magic:  0/7        EV: 12    Int: 17    God:
Gold:   65         SH:  0    Dex: 13    Spells: 5/7 levels left

rFire    + . .     SeeInvis .   e - +0 short sword
rCold    x . .     Gourm    .   (no shield)
rNeg     . . .     Faith    .   a - +0 robe
rPois    .         Spirit   .   (no helmet)
rElec    .         Reflect  .   (no cloak)
rCorr    .         Harm     .   (no gloves)
MR       .....                  (no boots)
Stlth    ++........             (no amulet)
HPRegen  1.08/turn              k - ring of fire
MPRegen  0.10/turn              (no ring)

@: no status effects
A: powered by death 1
a: no special abilities


You were on level 2 of the Dungeon.
You were not hungry.

You visited 1 branch of the dungeon, and saw 2 of its levels.

You collected 65 gold pieces.

Inventory:

Hand Weapons
 e - a +0 short sword (weapon)
Missiles
 d - 29 stones (quivered)
Armour
 a - a +0 robe (worn)
 f - a +0 ring mail
Jewellery
 k - a ring of fire (left hand)
Scrolls
 j - 2 scrolls of fog {unknown}
 l - a scroll of enchant weapon {unknown}
Potions
 b - a potion of curing {unknown}
 g - a potion of ambrosia {unknown}
 h - a potion of invisibility {unknown}
Comestibles
 c - 5 rations
 i - 2 inedible chunks of flesh


   Skills:
 - Level 1.7 Dodging
 - Level 1.7 Stealth
 + Level 2.8 Spellcasting
 + Level 5.3 Necromancy


You had 5 spell levels left.
You knew the following spells:

 Your Spells              Type           Power        Failure   Level  Hunger
a - Pain                  Necr           ###.         1%          1    #......
b - Animate Skeleton      Necr           N/A          1%          1    #......

Your spell library contained the following spells:

 Spells                   Type           Power        Failure   Level  Hunger
 Vampiric Draining        Necr           ###.......   6%          3    ###....
 Regeneration             Chrm/Necr      ##........   19%         3    ###....
 Animate Dead             Necr           N/A          21%         4    #####..


Dungeon Overview and Level Annotations

Branches:
Dungeon (2/15)

Altars:
Dithmenos

Annotations:
D:2 Natasha


Innate Abilities, Weirdness & Mutations

You regenerate a little health from kills.


Message History

Confirm with . or Enter, or press ? or * to list all spells.
Aiming: Pain (safe; 1% risk of failure)
Press: ? - help, Shift-Dir - straight line, f/p - Natasha
Aim: Natasha (heavily wounded, chance to defeat MR: 80%) Natasha writhes in agony.
The kobold throws a stone.
The stone hits your adder skeleton but does no damage.
Natasha misses you.
Your adder skeleton bites Natasha but does no damage.
The goblin hits your adder skeleton with a +0 club.
The goblin hits your kobold skeleton.
Your kobold skeleton hits the goblin with a +1 dagger of speed.
The kobold throws a stone.
The stone closely misses your adder skeleton.
The stone misses Natasha.
The stone barely misses you.
Your adder skeleton barely misses the goblin.
The goblin hits your kobold skeleton with a +0 club.
Your kobold skeleton hits the goblin with a +1 dagger of speed.
The goblin dies!
Natasha claws you!
You die...

...####ยง.# ...
##.## #.# #..# . #.#
##.## #.# #.#
####..### .... #.#
#.......# #..#.##)##
#.......#
.........###.......#
.....g...h@........#
.....!.Zg.%........#
....K.)Z...........#
.......g......######
.........###.##
...g>g...# #.#
.........# #..
.........# .#.
........# #.


You could see Natasha, 5 goblins, a kobold, a friendly adder skeleton and a
friendly kobold skeleton.

Vanquished Creatures
  3 adders
  2 leopard geckos (D:1)
  2 giant cockroaches
  4 goblins
  A hobgoblin (D:1)
  6 kobolds
  A bat (D:1)
  A frilled lizard (D:1)
  4 rats
24 creatures vanquished.

Vanquished Creatures (collateral kills)
  A goblin (D:2)
  A rat (D:2)
2 creatures vanquished.

Grand Total: 26 creatures vanquished

Notes
Turn   | Place    | Note
-------+----------+-------------------------------------------
     0 | D:1      | Hivemind the Demonspawn Necromancer began the quest for the
                  | Orb.
     0 | D:1      | Reached XP level 1. HP: 13/13 MP: 3/3
    71 | D:1      | Learned a level 1 spell: Animate Skeleton
   385 | D:1      | Gained mutation: You regenerate a little health from kills.
                  | [demonic ancestry]
   385 | D:1      | Reached XP level 2. HP: 19/19 MP: 0/5
   676 | D:1      | Reached skill level 5 in Necromancy
   971 | D:2      | Noticed Natasha
  1058 | D:2      | Noticed an orc warrior
  1391 | D:2      | Found a shadowy altar of Dithmenos.
  1393 | D:2      | Reached XP level 3. HP: 24/24 MP: 4/6
  1536 | D:2      | Slain by Natasha

Skill      XL: |  1  2 |
---------------+-------+-----
Necromancy     | 5 |  5.3
Dodging        | |  1.7
Stealth        | |  1.7
Spellcasting   | |  2.8

Action                   || total
-------------------------++-------
Melee: Short sword       ||     2
 Cast: Pain              ||    45
       Animate Skeleton  ||    10
  Eat: Chunk             ||     2
Armor: Robe              ||     1
Dodge: Dodged            ||    11
